 Dungeon Crawl Stone Soup version 0.17.2 (webtiles) character file.

39 ololoev the Slasher (level 3, 0/29 HPs)
             Began as a Mummy Chaos Knight on June 28, 2016.
             Slain by a worm (11 damage)
             ... on level 2 of the Dungeon.
             The game lasted 00:03:27 (1217 turns).

ololoev the Slasher (Mummy Chaos Knight)            Turns: 1217, Time: 00:03:28

Health: 0/29       AC:  5    Str: 16    XL:     3   Next: 26%
Magic:  3/3        EV: 11    Int: 11    God:    Xom [.*....]
Gold:   58         SH:  0    Dex: 11    Spells: 0 memorised, 2 levels left

rFire  x . .     SeeInvis .     a - +0 falchion (chaos)
rCold  + . .     Clarity  .     b - +2 leather armour
rNeg   + + +     SustAt   .     (no shield)
rPois  ∞         Gourm    .     (no helmet)
rElec  .         Spirit   .     (no cloak)
rCorr  .         Warding  .     (no gloves)
rMut   .         Stasis   .     (no boots)
MR     .....                    (no amulet)
Stlth  +.........               (no ring)
                                (no ring)

@: not resistant to hostile enchantments, very unstealthy
A: no food or potions, fire vulnerability, cold resistance 1, negative energy
resistance 3, torment resistance, unbreathing
a: Renounce Religion


Innate Abilities, Weirdness & Mutations

You do not eat or drink.
Your flesh is vulnerable to fire.
You are immune to poison.
Your flesh is cold resistant.
You are immune to negative energy.
You are immune to unholy pain and torment.
You can survive without breathing.

Inventory:

Hand Weapons
 a - a +0 falchion of chaos (weapon)
Armour
 b - a +2 leather armour (worn)
Scrolls
 c - 2 scrolls of remove curse {unknown}
 d - a scroll of enchant weapon {unknown}
 e - a scroll of identify {unknown}
 f - a scroll of enchant armour {unknown}


   Skills:
 - Level 3.0 Fighting
 * Level 3.3 Long Blades
 + Level 2.1 Armour
 - Level 0.7 Dodging


You had 2 spell levels left.
You didn't know any spells.


You were on level 2 of the Dungeon.
You worshipped Xom.
You were a plaything of Xom.
You were not hungry.

You visited 1 branch of the dungeon, and saw 2 of its levels.

You collected 58 gold pieces.

######.####.#.#
#####
............#.#
#####.#######.# . #
#.........###### ..
# #).##..........+
... #
#...........####...
# #...........# ..
# #...........##.#
# #..##.......@w.#
# #..#############
# #..# #..#

Notes
Turn   | Place    | Note
--------------------------------------------------------------
     0 | D:1      | ololoev the Mummy Chaos Knight began the quest for the Orb.
     0 | D:1      | Reached XP level 1. HP: 18/18 MP: 1/1
    36 | D:1      | XOM: divination: detect creatures
    90 | D:1      | XOM is BORED!
    90 | D:1      | XOM: 4-stop teleportation journey
   373 | D:1      | XOM: 5-stop teleportation journey
   386 | D:1      | XOM: confuse monster(s)
   500 | D:1      | Reached XP level 2. HP: 24/24 MP: 2/2
   532 | D:1      | XOM: colour smoke trail
  1047 | D:1      | Reached XP level 3. HP: 25/29 MP: 3/3
  1217 | D:2      | Slain by a worm

Dungeon Overview and Level Annotations

Branches:
Dungeon (2/15)

Altars:


Message History

You completely miss the worm.
The worm is moderately wounded.
The worm barely misses you.
You hit the worm.
The worm is heavily wounded.
The worm barely misses you.
You hit the worm but do no damage.
The worm is moderately wounded.
You completely miss the worm.
The worm is moderately wounded.
The worm closely misses you.
You slash the worm!
The worm goes berserk!
The worm is severely wounded.
The worm bites you!
Ouch! That really hurt!
You are too injured to fight recklessly!
You are too injured to fight recklessly!
You are too injured to fight recklessly!
You are too injured to fight recklessly!
You are too injured to fight recklessly!
You are too injured to fight recklessly!
You are too injured to fight recklessly!
You are too injured to fight recklessly!
You are too injured to fight recklessly!
You are too injured to fight recklessly!
You are too injured to fight recklessly!
You are too injured to fight recklessly!
You are too injured to fight recklessly!
You are too injured to fight recklessly!
You are too injured to fight recklessly!
You are too injured to fight recklessly!
You are too injured to fight recklessly!
You are too injured to fight recklessly!
You are too injured to fight recklessly!
You hit the worm.
You have a brief vision of globes of primordial fire.
The worm is severely wounded.
The worm bites you!
You die... "Boring in life, boring in death..."

You could see a worm (berserk).

Vanquished Creatures
  A giant gecko (D:2)
  7 bats
  3 goblins (D:1)
  8 hobgoblins
  3 kobolds
  3 giant cockroaches (D:1)
  8 giant newts
  2 rats (D:1)
35 creatures vanquished.

Action                   || total
-------------------------++-------
Melee: Falchion          ||   109

Vault maps used:
D:1:      denvon_arrival_waterhouse, minmay_newt_pond
